 Dungeon Crawl Stone Soup version 0.31.0-11-ge490571c62 (webtiles) character file.

Game seed: 11162556946452781074

17 monsoonserge the Chiller (level 2, 0/19 HPs)
             Began as a Barachi Ice Elementalist on Feb 3, 2024.
             Frozen to death by an endoplasm (5 damage)
             ... on level 1 of the Dungeon.
             The game lasted 00:01:51 (608 turns).

monsoonserge the Chiller (Barachi Ice Elementalist)  Turns: 608, Time: 00:01:52

Health: 0/19       AC:  3    Str:  9    XL:     2   Next: 62%
Magic:  14/14      EV: 12    Int: 15    God:
Gold:   4          SH:  0    Dex: 12    Spells: 4/5 levels left

rFire   . . .        f - +0 short sword
rCold   . . .        (no shield)
rNeg    . . .        a - +0 robe
rPois   .            (no helmet)
rElec   .            (no cloak)
rCorr   .            (no gloves)
SInv    .            c - +0 pair of boots
Will    .....        (no amulet)
Stlth   ++           d - ring of magical power
HPRegen 0.23/turn    (no ring)
MPRegen 0.14/turn

%: no passive effects
@: slow
A: amphibious, slowness 1, strong legs 1, +LOS
a: Hop


You were on level 1 of the Dungeon.
You visited 1 branch of the dungeon, and saw 1 of its levels.

You collected 4 gold pieces.

Inventory:

Hand Weapons
 f - a +0 short sword (weapon)
Armour
 a - a +0 robe (worn)
 c - a +0 pair of boots (worn)
Magical Staves
 e - a staff of fire
Jewellery
 d - a ring of magical power (left hand)
Scrolls
 h - a scroll of enchant armour {unknown}
 i - a scroll of vulnerability {unknown}
 j - a scroll of identify {unknown}
Potions
 b - a potion of magic
 g - a potion of curing {unknown}


   Skills:
 + Level 0.3 Short Blades
 + Level 2.3 Dodging
 + Level 1.9 Stealth
 + Level 2.2 Spellcasting
 + Level 5.4 Ice Magic


You had 4 spell levels left.
You knew the following spells:

 Your Spells              Type           Power      Damage    Failure   Level
a - Freeze                Ice            68%        1d8       2%          1

Your spell library contained the following spells:

 Spells                   Type           Power      Damage    Failure   Level
 Frozen Ramparts          Ice            34%        1d6       7%          3
 Ozocubu's Armour         Ice            17%        N/A       7%          3
 Summon Ice Beast         Ice/Summ       9%         N/A       22%         3


Dungeon Overview and Level Annotations

Branches:
Dungeon (1/15)

Altars:


Innate Abilities, Weirdness & Mutations

You are amphibious.
You cover ground slowly.
You can hop short distances.
You have an extended range of vision and can be seen from far away.


Message History

The helpless giant cockroach fails to defend itself.
You hit the giant cockroach.
The giant cockroach is severely wounded.
The endoplasm quivers.
The giant cockroach bites you.
Casting: Freeze (safe; 2% risk of failure)
Confirm with . or Enter, or press ? or * to list all spells.
Aiming: Freeze (safe; 2% risk of failure)
Press: ? - help, Shift-Dir - straight line, f/p - giant cockroach
Aim: a giant cockroach (severely wounded)
You freeze the giant cockroach.
You kill the giant cockroach!
You open the door.
Your magical contamination has completely faded away.
You hit the endoplasm but do no damage. The endoplasm hits you.
You barely miss the endoplasm. The endoplasm hits you.
You hit the endoplasm.
The endoplasm is heavily wounded.
The endoplasm freezes you.
You are frozen.
You hit the endoplasm.
The endoplasm is severely wounded.
The endoplasm freezes you.
You are frozen.
You hit the endoplasm but do no damage.
The endoplasm is severely wounded.
The endoplasm closely misses you.
You barely miss the endoplasm.
The endoplasm is severely wounded.
The endoplasm freezes you.
You are frozen.
* * * LOW HITPOINT WARNING * * *
You hit the endoplasm.
The endoplasm is almost dead.
The endoplasm hits you but does no damage.
You hit the endoplasm but do no damage.
The endoplasm is almost dead.
The endoplasm freezes you.
You are frozen.
You die...

....................#
........##########..#
........## #..#
........#.. #.)#
........#... #..# #######
........#.... #..#
#...... #+#######.....
#..# #...... #.#
#......###..#######......
...
+......'@J........+>.....
#.#
#......###†.#######......
#.# #..... #..# ###......
#.# ..... ...# #........
#.# .... ....# ..#####.#
#.###.# ### l.S.. #.#
......# #.....# #.#
..###.# #.....# #####.#
#.# #.....# #......


You could see an endoplasm.

Vanquished Creatures
  3 ball pythons (D:1)
  2 endoplasms (D:1)
  A giant cockroach (D:1)
  A goblin (D:1)
  3 hobgoblins (D:1)
  3 frilled lizards (D:1)
  A kobold (D:1)
  2 rats (D:1)
16 creatures vanquished.

Notes
Turn   | Place    | Note
-------+----------+-------------------------------------------
     0 | D:1      | monsoonserge the Barachi Ice Elementalist began the quest
                  | for the Orb.
     0 | D:1      | Reached XP level 1. HP: 13/13 MP: 3/3
   236 | D:1      | Reached skill level 5 in Ice Magic
   311 | D:1      | Reached XP level 2. HP: 10/19 MP: 5/5
   608 | D:1      | Frozen to death by an endoplasm

Illustrated notes

Levels and vault maps discovered:
D:1:      matt_arrival_grand_opening, layout_basic, serial_shops, shop,
          minmay_door_square, minmay_misc_feat_tower

Skill      XL: |  1 |
---------------+----+-----
Ice Magic      | 5 |  5.4
Short Blades   | |  0.3
Dodging        | |  2.3
Stealth        | |  1.9
Spellcasting   | |  2.2

Action                     || total
---------------------------++-------
  Melee: Short sword       ||    30
   Cast: Freeze            ||    17
Ability: Hop               ||     1
   Stab: Sleeping          ||     5
 Armour: Robe              ||    18
  Dodge: Dodged            ||    18
